 Dungeon Crawl Stone Soup version 0.28-a0-261-gc0b50483a2 (webtiles) character file.

Game seed: 18143860276831031192

23 hemabe71 the Charlatan (level 3, -1/26 HPs)
             Began as a Human Artificer on Aug 27, 2021.
             Slain by a kobold (2 damage)
             ... on level 2 of the Dungeon.
             The game lasted 00:01:32 (1969 turns).

hemabe71 the Charlatan (Human Artificer)            Turns: 1969, Time: 00:01:32

Health: -1/26      AC:  3    Str: 13    XL:     3   Next: 10%
Magic:  3/3        EV: 11    Int: 11    God:
Gold:   81         SH:  0    Dex: 13    Spells: 2/2 levels left

rFire   . . .      SeeInvis .   a - +0 club
rCold   . . .      Faith    .   (no shield)
rNeg    . . .      Spirit   .   b - +0 leather armour
rPois   .          Reflect  .   (no helmet)
rElec   .          Harm     .   (no cloak)
rCorr   .          Rampage  .   (no gloves)
Will    .....                   (no boots)
Stlth   ++........              (no amulet)
HPRegen 0.08/turn               (no ring)
MPRegen 0.08/turn               (no ring)

@: no status effects
A: no striking features
a: no special abilities


You were on level 2 of the Dungeon.
You visited 1 branch of the dungeon, and saw 2 of its levels.

You collected 81 gold pieces.

Inventory:

Hand Weapons
 a - a +0 club (weapon)
Missiles
 l - 18 poisoned darts
Armour
 b - a +0 leather armour (worn)
 i - a +0 cloak
   (You found it on level 1 of the Dungeon)
Wands
 c - a wand of flame (9)
 d - a wand of charming (13)
Scrolls
 h - a scroll of enchant weapon {unknown}
 j - a scroll of magic mapping {unknown}
 k - a scroll of identify {unknown}
 m - a scroll of amnesia {unknown}
Potions
 f - 2 potions of degeneration {unknown}
 g - a potion of haste {unknown}
Miscellaneous
 e - a piece from Xom's chessboard (15/15)


   Skills:
 + Level 1.4 Fighting
 + Level 2.3 Armour
 + Level 1.4 Dodging
 + Level 1.5 Stealth
 + Level 3.2 Evocations


You had 2 spell levels left.
You didn't know any spells.
Your spell library was empty.

Dungeon Overview and Level Annotations

Branches:
Dungeon (2/15)

Altars:


Message History

No target in view!
No target in view!
No target in view!
No target in view!
You see here a frilled lizard corpse.
Found a stone staircase leading up.
m - a scroll labelled WETWAT ONUNISCH A hobgoblin comes into view.
A hobgoblin is nearby!
A jackal and a kobold come into view.
The kobold shouts!
You hear a bark!
The jackal barks!
A jackal comes into view.
A jackal comes into view.
The jackal barks!
The kobold misses you.
You miss the kobold. The jackal bites you. The kobold misses you.
The jackal bites you.
You take 3 damage, and have 18/21 hp.
You miss the kobold. The jackal closely misses you.
The kobold hits you but does no damage. The hobgoblin hits you.
The kobold hits you with a +0 club.
You take 5 damage, and have 13/21 hp.
MASSIVE DAMAGE!!
The jackal bites you but does no damage.
The jackal bites you but does no damage.
The jackal bites you.
You take 3 damage, and have 11/21 hp.
You barely miss the jackal. The jackal closely misses you.
The jackal barely misses you.
You hit the jackal but do no damage. The jackal barely misses you.
You closely miss the jackal. The jackal completely misses you.
The jackal bites you.
You take 1 damage, and have 10/21 hp.
You completely miss the jackal. The jackal bites you.
The jackal closely misses you.
You take 2 damage, and have 8/21 hp.
Aim: a jackal (64% to hit)
The puff of flame misses the jackal.
The puff of flame hits the hobgoblin!
You kill the hobgoblin!
The jackal barely misses you.
You have reached level 3!
Your experience leads to an increase in your attributes!
Increase (s)trength, (i)ntelligence, or (d)exterity?
You feel stronger.
You regained 2 hp, and now have 10/26 hp.
MP restored: 3
Aim: a jackal (chance to affect: 72%)
The jackal struggles to resist.
The jackal barely misses you.
The jackal bites you but does no damage.
The jackal closely misses you.
Aim: a jackal (chance to affect: 72%)
The jackal is charmed.
The jackal bites your jackal but does no damage.
Your jackal misses the jackal. The jackal bites you.
You take 2 damage, and have 8/26 hp.
You hit the jackal but do no damage. The jackal closely misses your jackal.
Your jackal closely misses the jackal.
The jackal bites you.
* * * LOW HITPOINT WARNING * * *
The jackal closely misses your jackal.
Your jackal closely misses the jackal.
The jackal barely misses you.
You take 2 damage, and have 6/26 hp.
You barely miss the jackal. The jackal closely misses your jackal.
Your jackal completely misses the jackal.
The jackal barely misses you. The jackal closely misses your jackal.
Your jackal bites the jackal.
The jackal bites you but does no damage.
Hit: a) +0 club
Aim: a jackal (about 50% to evade your +0 club)
You hit the jackal. The jackal closely misses your jackal.
Your jackal barely misses the jackal.
The jackal bites you.
* * * LOW HITPOINT WARNING * * *
The jackal closely misses your jackal.
Your jackal barely misses the jackal.
You take 1 damage, and have 5/26 hp.
Aim: a jackal (moderately wounded, 64% to hit)
The puff of flame misses the jackal.
The jackal misses you. The jackal bites your jackal.
Your jackal bites the jackal.
The jackal bites you but does no damage.
Aim: a jackal (moderately wounded, 64% to hit)
The puff of flame hits the jackal.
You kill the jackal!
The jackal closely misses your jackal.
Your jackal bites the jackal.
The jackal dies!
The kobold throws a stone.
The stone barely misses your jackal. The stone hits you but does no damage.
Your jackal barely misses the kobold.
The kobold throws a stone.
The stone hits your jackal.
Your jackal bites the kobold.
The kobold hits your jackal with a +0 club.
Your jackal dies!
The kobold throws a stone.
The stone hits you but does no damage. The kobold barely misses you.
You hit the kobold. The kobold hits you but does no damage.
You barely miss the kobold. The kobold hits you with a +0 club.
* * * LOW HITPOINT WARNING * * *
You take 2 damage, and have 4/26 hp.
You hit the kobold but do no damage. The kobold hits you with a +0 club.
* * * LOW HITPOINT WARNING * * *
The kobold hits you with a +0 club.
You die...

..........#####...
.................#
#...
.................#
####
.......#######†###
....... ###.#
.......### #...#
.......'.<##.###
......†###.....#
........@K.....#
.......###.....#
....... #.....#
....... #.....#
....... #h....#
####### #.....#
#.....# #.....#
#.....#


You could see a kobold.

Vanquished Creatures
  2 ball pythons (D:2)
  A bat (D:1)
  An endoplasm (D:1)
  A giant cockroach (D:1)
  A goblin (D:2)
  4 hobgoblins
  3 jackals
  A quokka (D:1)
  2 frilled lizards
  A kobold (D:1)
  2 rats (D:1)
19 creatures vanquished.

Vanquished Creatures (collateral kills)
  A jackal (D:2)
1 creature vanquished.

Vanquished Creatures (others)
  A jackal (D:2)
1 creature vanquished.

Grand Total: 21 creatures vanquished

Notes
Turn   | Place    | Note
-------+----------+-------------------------------------------
     0 | D:1      | hemabe71 the Human Artificer began the quest for the Orb.
     0 | D:1      | Reached XP level 1. HP: 15/15 MP: 1/1
   344 | D:1      | Reached XP level 2. HP: 11/21 MP: 2/2
   901 | D:1      | Found a faded altar of an unknown god.
  1955 | D:2      | Reached XP level 3. HP: 10/26 MP: 3/3
  1957 | D:2      | HP: 6/26 [jackal (2)]
  1968 | D:2      | HP: 4/26 [kobold (2)]
  1969 | D:2      | HP: 1/26 [kobold (3)]
  1969 | D:2      | Slain by a kobold

Illustrated notes

Levels and vault maps discovered:
D:1:      minmay_arrival_split_and_join, layout_basic,
          hellmonk_ecumenical_altar_pennies_from_heaven
D:2:      layout_basic

Action                   || total
-------------------------++-------
Melee: Club              ||    87
Evoke: Wand              ||     8
Armor: Leather armour    ||    34
Dodge: Dodged            ||    81

Table legend: (Time is in decaauts)
 A = Elapsed time spent in this place.
 B = Non-inter-level travel time spent in this place.
 C = Inter-level travel time spent in this place.
 D = Time resting spent in this place.
 E = Time spent auto-exploring this place.
 F = Levels seen in this place.
 G = Mean time per level.
                   A        B        C        D        E       F      G
               +--------+--------+--------+--------+--------+-----+--------+
         Total |   1996 |   1986 |     10 |      0 |   1721 |   2 |  998.0 |
       Dungeon |   1996 |   1986 |     10 |      0 |   1721 |   2 |  998.0 |
               +--------+--------+--------+--------+--------+-----+--------+

Top non-repeatable levels by time:
     D:1: 1540 daAuts
     D:2: 455 daAuts

Table legend:
 A = Kills in this place as a percentage of kills in entire the game.
 B = Kills by you in this place as a percentage of kills by you in the entire game.
 C = Kills by friends in this place as a percentage of kills by friends in the entire game.
 D = Other kills in this place as a percentage of other kills in the entire game.
 E = Experience gained in this place as a percentage of experience gained in the entire game.
 F = Experience gained in this place divided by the number of levels of this place that you have seen.
                   A       B       C       D       E      F
               +-------+-------+-------+-------+-------+----------------------
         Total | 100.0 | 100.0 | 100.0 |   N/A | 100.0 |  16.5
       Dungeon | 100.0 | 100.0 | 100.0 |   N/A | 100.0 |  16.5
               +-------+-------+-------+-------+-------+----------------------
